Map: Green Acres

Players

Erfeyah - Winner!

  • Race: Terran Terran
  • Spawn Location: 9:00

VOD

Have the link to the VOD?

Description

Time

  • Played on: Nov. 26, 2017, 3:24 p.m.
  • Length: 18:02
Show
View Real Time Build Order
Export as new Build Order

Erfeyah Terran - Winner!

Build Orders: Reaper Expand 

Get SALT Encoding   

  12  0:06  SCV  
  12  1:21  Supply Depot  
  12  2:00  Supply Depot  
  12  2:07  SCV  
  12  2:20  SCV  
  12  2:32  SCV  
  12  2:44  SCV  
  12  2:56  SCV  
  12  3:08  SCV  
  12  3:35  SCV  
  12  4:49  Supply Depot  
  12  5:02  SCV  
  12  5:24  Barracks  
  12  5:49  Barracks  
  12  6:08  SCV  
  12  6:29  Marine  
  12  6:30  SCV  
  12  6:43  SCV  
  12  6:47  Marine  
  12  6:53  Barracks  
  12  6:55  SCV  
  12  6:57  Marine  
  12  7:04  Marine  
  12  7:07  SCV  
  12  7:19  SCV  
  12  7:22  Marine  
  12  7:31  SCV  
  12  7:40  Marine  
  12  7:56  SCV, Marine  
  12  7:57  Marine  
  12  7:58  Marine  
  12  8:08  SCV  
  12  8:12  Refinery  
  12  8:58  Supply Depot  
  12  9:20  SCV, Marine x3  
  12  9:21  Supply Depot  
  12  9:38  Marine x3  
  12  9:44  Supply Depot  
  12  9:55  SCV, Marine x3  
  12  10:10  Supply Depot  
  12  10:13  Marine x3  
  12  10:25  Command Center  
  12  10:31  Marine x3  
  12  10:33  Supply Depot  
  12  10:49  Marine  
  12  10:51  Refinery  
  12  11:00  Marine  
  12  11:03  Marine  
  12  11:07  Marine  
  12  11:18  Marine  
  12  11:21  Marine  
  12  11:22  Factory  
  12  11:24  Marine  
  12  11:36  Marine  
  12  11:39  Marine  
  12  11:42  Marine  
  12  11:43  SCV  
  12  11:54  Marine  
  12  11:55  SCV  
  12  11:57  Marine  
  12  12:00  Marine  
  12  12:12  SCV x2, Marine  
  12  12:22  Marine  
  12  12:23  Marine  
  12  12:24  SCV x2  
  12  12:30  Marine  
  12  12:36  SCV x2  
  12  12:40  Marine x2  
  12  12:47  Marine  
  12  12:58  Marine x2  
  12  13:05  Marine  
  12  13:16  Marine, Reaper  
  12  13:23  Reaper  
  12  13:34  Reaper  
  12  13:48  Reaper  
  12  13:51  Starport  
  12  14:29  Starport  
  12  14:31  Command Center  
  12  16:47  Supply Depot  
  12  16:50  SCV  
  12  16:59  SCV x2  
  12  17:01  Marine  
  12  17:02  SCV, Marine x2  
  12  17:11  SCV x2  
  12  17:19  Marine x2  
  12  17:20  Marine  
  12  17:37  Marine x3  
  12  17:40  SCV  
Tags
 
Add a new tag
Caveats
  • Supply blocks, unpowered buildings, or Contaminate may cause inaccurate times.
  • Supply counts are checked every 10 seconds.